 Dungeon Crawl Stone Soup version 0.31-a0-1591-g515db51633 (webtiles) character file.

Game seed: 4228958720982124095

97 Flugslaktarn the Apothecary (level 4, 0/27 HPs)
             Began as an Octopode Alchemist on Jan 6, 2024.
             Slain by an orc wizard
             ... wielding a +0 dagger
              (4 damage)
             ... on level 4 of the Dungeon.
             The game lasted 00:01:53 (814 turns).

Flugslaktarn the Apothecary (Octopode Alchemist)     Turns: 814, Time: 00:01:53

Health: 0/27       AC:  1    Str:  7    XL:     4   Next: 68%
Magic:  3/8        EV: 13    Int: 19    God:
Gold:   47         SH:  0    Dex: 12    Spells: 8/9 levels left

rFire   + . .        l - +1 falchion (holy)
rCold   + . .        (no shield)
rNeg    . . .        (helmet restricted)
rPois   +            (no amulet)
rElec   +            (no ring)
rCorr   +            (no ring)
SInv    .            (no ring)
Will    .....        (no ring)
Stlth   +++          (no ring)
HPRegen 0.24/turn    (no ring)
MPRegen 0.11/turn    (no ring)
                     (no ring)

%: no passive effects
@: resistant
A: almost no armour, amphibious, 8 rings, camouflage 1, gelatinous body 1,
(nimble swimmer 1), tentacles
a: no special abilities


You were on level 4 of the Dungeon.
You visited 1 branch of the dungeon, and saw 5 of its levels.

You collected 47 gold pieces.

Inventory:

Hand Weapons
 d - a +0 dagger
   (You found it on level 2 of the Dungeon)
 l - a +1 falchion of holy wrath (weapon)
   (You found it on level 4 of the Dungeon)
Armour
 c - a +0 buckler
   (You found it on level 1 of the Dungeon)
Wands
 m - a wand of mindburst (8)
   (You found it on level 3 of the Dungeon)
Scrolls
 e - a scroll of enchant armour
 j - a scroll of vulnerability {unknown}
 k - a scroll of fear {unknown}
 r - 3 scrolls of identify
Potions
 a - a potion of magic
 b - a potion of heal wounds {unknown}
 f - a potion of might {unknown}
 h - a potion of curing {unknown}
 n - a potion of resistance


   Skills:
 - Level 2.0 Dodging
 - Level 2.6 Stealth
 + Level 3.0 Spellcasting
 - Level 1.0 Conjurations
 * Level 5.1 Alchemy


You had 8 spell levels left.
You knew the following spells:

 Your Spells              Type           Power      Damage    Failure   Level
a - Sting                 Conj/Alch      56%        1d6       4%          1

Your spell library contained the following spells:

 Spells                   Type           Power      Damage    Failure   Level
 Mercury Vapours          Alch/Air       24%        N/A       9%          2
 Olgreb's Toxic Radiance  Alch           22%        N/A       19%         4
 Mephitic Cloud           Conj/Alch/Air  10%        N/A       21%         3
 Sticky Flame             Fire/Alch      12%        2d5       47%         4


Dungeon Overview and Level Annotations

Branches:
Dungeon (5/15)
 Temple: D:4-7

Altars:
Dithmenos

Annotations:
D:3 t4s4d4r's ghost, amateur OpFi


Innate Abilities, Weirdness & Mutations

You cannot wear most types of armour.
You are amphibious.
You can wear up to eight rings at the same time.
Your skin changes colour to match your surroundings (Stealth+).
Your rubbery body absorbs attacks. (AC +1, EV +1)
((You are camouflaged when in or above water. (Stealth+)))
You have tentacles for arms and can constrict up to eight enemies at once.


Message History

The sting misses the black bear.
You climb upwards.
There is a stone staircase leading down here.
An orc wizard comes into view. It is wielding a +0 dagger.
An orc comes into view. It is wielding a +0 mace.
An orc comes into view. It is wielding a +0 club.
Casting: Sting (safe; 4% risk of failure)
Confirm with . or Enter, or press ? or * to list all spells.
Aiming: Sting (safe; 4% risk of failure)
Press: ? - help, Shift-Dir - straight line, f - orc
Aim: an orc, wielding a +0 mace (71% to hit)
The sting hits the orc.
The orc is poisoned.
The orc is moderately wounded.
The orc wizard shouts!
The orc wizard points at you and mumbles some strange words.
The magic dart hits you!
An endoplasm comes into view.
Casting: Sting (safe; 4% risk of failure)
Confirm with . or Enter, or press ? or * to list all spells.
Aiming: Sting (safe; 4% risk of failure)
Press: ? - help, Shift-Dir - straight line, f/p - orc
Aim: an orc, wielding a +0 mace (heavily wounded, poisoned, 71% to hit)
The sting hits the orc.
The orc looks even sicker.
The orc is severely wounded.
The orc shouts!
You kill the orc!
The orc wizard casts a spell at you.
You are confused.
You're too confused to cast spells.
You bump into the rock wall.
You're too confused to cast spells.
You're too confused to cast spells.
You're too confused to cast spells.
You feel less confused.
The orc wizard gestures at you while chanting.
The magic dart hits you!
Casting: Sting (safe; 4% risk of failure)
Confirm with . or Enter, or press ? or * to list all spells.
Aiming: Sting (safe; 4% risk of failure)
Press: ? - help, Shift-Dir - straight line, f - orc wizard
Aim: an orc wizard, wielding a +0 dagger and wearing a +0 robe (64% to hit)
The sting misses the orc wizard.
The sting hits the orc.
The orc is poisoned.
The orc is almost dead.
You kill the orc!
Casting: Sting (safe; 4% risk of failure)
Confirm with . or Enter, or press ? or * to list all spells.
Aiming: Sting (safe; 4% risk of failure)
Press: ? - help, Shift-Dir - straight line, f/p - orc wizard
Aim: an orc wizard, wielding a +0 dagger and wearing a +0 robe (64% to hit)
The sting misses the orc wizard.
The orc wizard completely misses you. The endoplasm freezes you.
You are frozen.
You hit the orc wizard but do no damage.
Your grab misses the orc wizard. The orc wizard closely misses you.
The endoplasm freezes you.
You are frozen.
Unknown command.
You closely miss the orc wizard. Your grab misses the orc wizard.
The orc wizard closely misses you. The endoplasm freezes you.
You are frozen.
* * * LOW HITPOINT WARNING * * *
The orc wizard closely misses you.
Casting: Sting (safe; 4% risk of failure)
Confirm with . or Enter, or press ? or * to list all spells.
Aiming: Sting (safe; 4% risk of failure)
Press: ? - help, Shift-Dir - straight line, f/p - orc wizard
Aim: an orc wizard, wielding a +0 dagger and wearing a +0 robe (64% to hit)
The sting hits the orc wizard.
The orc wizard is poisoned.
The orc wizard is lightly wounded.
The endoplasm freezes you.
You are frozen.
* * * LOW HITPOINT WARNING * * *
The orc wizard hits you with a +0 dagger.
* * * LOW HITPOINT WARNING * * *
Casting: Sting (safe; 4% risk of failure)
Confirm with . or Enter, or press ? or * to list all spells.
Aiming: Sting (safe; 4% risk of failure)
Press: ? - help, Shift-Dir - straight line, f/p - orc wizard
Aim: an orc wizard, wielding a +0 dagger and wearing a +0 robe (lightly wounded, poisoned, 64% to hit)
The sting hits the orc wizard.
The orc wizard looks even sicker.
The orc wizard is lightly wounded.
The endoplasm hits you.
* * * LOW HITPOINT WARNING * * *
The orc wizard closely misses you.
It was a potion of resistance.
You feel protected.
n - a potion of resistance The endoplasm freezes you.
You are frozen.
You resist. The orc wizard completely misses you.
The endoplasm attacks as it pursues you!
The endoplasm hits you but does no damage.
Casting: Sting (safe; 4% risk of failure)
Confirm with . or Enter, or press ? or * to list all spells.
Aiming: Sting (safe; 4% risk of failure)
Press: ? - help, Shift-Dir - straight line, f/p - orc wizard
Aim: an orc wizard, wielding a +0 dagger and wearing a +0 robe (heavily wounded, very poisoned, 64% to hit)
The sting misses the orc wizard.
The endoplasm completely misses you.
The orc wizard hits you with a +0 dagger.
You die...

.........##.#.#
#..........###..
##.......##.#.####.........##
#..
.'.....รท.##.#.#............#
#..
##.......##.#.#............#
###
+.......##.#.#............#
#.......##...#.....##.#####
###.#........'.....##.#
#.##########........#
#.#####.....o@..>.###
#.#.........J....##
#.#..............#
#................#
###....)....######
...###)##### ........#
........# ...J.o..#


You could see an orc wizard (poisoned) and an endoplasm.

Vanquished Creatures
  A hound (D:5)
  5 adders
  A ribbon worm (D:2)
  2 orcs (D:4)
  3 ball pythons
  An endoplasm (D:1)
  A goblin (D:2)
  3 quokkas (D:4)
  3 bats
  A frilled lizard (D:2)
  A kobold (D:3)
  A rat (D:2)
23 creatures vanquished.

Notes
Turn   | Place    | Note
-------+----------+-------------------------------------------
     0 | D:1      | Flugslaktarn the Octopode Alchemist began the quest for the
                  | Orb.
     0 | D:1      | Reached XP level 1. HP: 11/11 MP: 3/3
   146 | D:2      | Reached XP level 2. HP: 17/17 MP: 1/5
   153 | D:2      | Reached skill level 4 in Alchemy
   179 | D:3      | Reached XP level 3. HP: 21/21 MP: 0/6
   296 | D:4      | Found a shadowy altar of Dithmenos.
   390 | D:5      | Entered Level 5 of the Dungeon
   505 | D:3      | Noticed t4s4d4r's ghost (amateur OpFi)
   657 | D:4      | Reached XP level 4. HP: 27/27 MP: 4/8
   709 | D:5      | Reached skill level 5 in Alchemy
   736 | D:5      | Noticed a black bear
   814 | D:4      | Slain by an orc wizard

Illustrated notes

Levels and vault maps discovered:
D:1:      enne_arrival_octagon_isle, layout_rooms, grunt_decor_one_mirror,
          nicolae_titane
D:2:      layout_basic, serial_shops, shop, minmay_pentomino_w4
D:3:      layout_basic, gammafunk_ghost_gnarly_gnolls,
          minmay_fractal_squares_gapless_5
D:4:      layout_basic, lemuel_doored_altar, grunt_dithmenos_smoke_and_mirrors
D:5:      lemuel_insect_pit, layout_gridville, nicolae_ru_sacrificial_ziggurat,
          fedhas_altar_3, minmay_liquid_box

Skill      XL: |  1  2  3  4 |
---------------+-------------+-----
Alchemy        | 4 5 |  5.1
Spellcasting   | 3 |  3.0
Dodging        | |  2.0
Stealth        | |  2.6
Conjurations   | |  1.0

Action                     |  1- 3 |  4- 6 || total
---------------------------+-------+-------++-------
  Melee: Dagger            |     9 |       ||     9
         Constrict         |     5 |     2 ||     7
         Tentacles         |     3 |     3 ||     6
         Falchion          |     5 |     8 ||    13
   Cast: Sting             |    27 |    12 ||    39
    Use: Scroll            |       |     1 ||     1
         Potion            |       |     1 ||     1
 Armour: Skin              |     6 |    10 ||    16
  Dodge: Dodged            |    15 |    15 ||    30

Table legend: (Time is in decaauts)
 A = Elapsed time spent in this place.
 B = Non-inter-level travel time spent in this place.
 C = Inter-level travel time spent in this place.
 D = Time resting spent in this place.
 E = Time spent auto-exploring this place.
 F = Levels seen in this place.
 G = Mean time per level.
                   A        B        C        D        E       F      G
               +--------+--------+--------+--------+--------+-----+--------+
         Total |    817 |    742 |     75 |      0 |    379 |   5 |  163.4 |
       Dungeon |    817 |    742 |     75 |      0 |    379 |   5 |  163.4 |
               +--------+--------+--------+--------+--------+-----+--------+

Top non-repeatable levels by time:
     D:4: 444 daAuts
     D:3: 150 daAuts
     D:2: 117 daAuts
     D:5: 62 daAuts
     D:1: 44 daAuts
